[Event "Titled Tuesday Blitz May 03 Early 2022"]
[White "Moiseenko, Alexander"]
[Black "Jones, Gawain C B"]
[WhiteFideId "14102560"]
[BlackFideId "409561"]
[WhiteElo "2577"]
[BlackElo "2657"]
[Result "1-0"]
[Round "08"]
[TimeControl "180+1"]
[Date "2022.05.03"]
[WhiteClock "0:00:18"]
[BlackClock "0:00:04"]

1. d4 Nf6 2. Bg5 g6 3. Bxf6 exf6 4. c4 d5 5. cxd5 Qxd5 6. Nc3 Qd8 7. e3 Bd6 8. g3 c6 9. Bg2 h5 10. Nf3 Be6 11. O-O Nd7 12. d5 cxd5 13. Nxd5 O-O 14. Nf4 Bxf4 15. exf4 Nb6 16. b3 Qxd1 17. Rfxd1 Rfd8 18. Ne1 Bd5 19. Nc2 Kf8 20. Ne3 Bxg2 21. Kxg2 f5 22. Kf3 Rac8 23. Ke2 Ke7 24. Rxd8 Kxd8 25. Rd1+ Ke7 26. Rd2 h4 27. Rc2 Rxc2+ 28. Nxc2 Nd5 29. Kd3 Kd6 30. a3 Nf6 31. Ne3 Ne4 32. Nd1 Nc5+ 33. Kc4 a6 34. f3 b5+ 35. Kc3 Ne6 36. Ne3 Kc5 37. b4+ Kd6 38. Kd3 Ng7 39. Ng2 hxg3 40. hxg3 Nh5 41. g4 fxg4 42. fxg4 Nf6 43. g5 Nd5 44. Kd4 Nc7 45. Ne3 Ne6+ 46. Ke4 Nc7 47. f5 gxf5+ 48. Kxf5 Ke7 49. Ke5 Ne6 50. Nd5+ Kd7 51. Kf6 Kd6 52. Ne3 Nd8 53. Nf5+ Kd5 54. Nh6 Ne6 55. Nxf7 Nxg5 56. Nxg5 Kc4 57. Ne4 Kb3 58. Nc5+ Kxa3 59. Nxa6 Kb3 60. Ke5 Kc4 61. Kd6 1-0


[Site "https://www.chess.com"]

[Event "Titled Tuesday Blitz May 03 Early 2022"]
[White "Murtazin, Bulat"]
[Black "Kim, Sergey"]
[WhiteFideId "24151351"]
[BlackFideId "13700570"]
[WhiteElo "2329"]
[BlackElo "2554"]
[Result "1-0"]
[Round "08"]
[TimeControl "180+1"]
[Date "2022.05.03"]
[WhiteClock "0:00:01"]
[BlackClock "0:00:13"]

1. d4 Nf6 2. c4 g6 3. f3 Bg7 4. e4 d6 5. Ne2 O-O 6. Be3 Nc6 7. Qd2 a6 8. Nbc3 Rb8 9. Rc1 e5 10. d5 Ne7 11. Ng3 c5 12. dxc6 bxc6 13. Rd1 Be6 14. b3 d5 15. cxd5 cxd5 16. Bc5 d4 17. Na4 Nd7 18. Bd6 Rc8 19. Qb4 Nc6 20. Qb7 Qa5+ 21. Kf2 d3 22. Bxd3 Nd4 23. Bxf8 Nxf8 24. Qxa6 Qxa6 25. Bxa6 Rc2+ 26. Ne2 Rxa2 27. Nc5 Bxb3 28. Nxb3 Nxb3 29. Bc4 Rb2 30. Rd8 Nd4 31. Ra1 Bf6 32. Re8 Rb7 33. Ra6 Be7 34. Raa8 Bc5 35. Kg3 Kg7 36. Nc3 Nfe6 37. Bd5 Rb2 38. Rg8+ Kh6 39. h4 Nf4 40. Kh2 Nxf3+ 41. Kg3 Nd4 42. Ra2 Rxa2 43. Nxa2 Nde6 44. Nc3 Be7 45. Kh2 1-0


[Site "https://www.chess.com"]

[Event "Titled Tuesday Blitz May 03 Early 2022"]
[White "Nagy, Gabor"]
[Black "Xu, Yi"]
[WhiteFideId "737119"]
[BlackFideId "8605564"]
[WhiteElo "2534"]
[BlackElo "2471"]
[Result "0-1"]
[Round "08"]
[TimeControl "180+1"]
[Date "2022.05.03"]
[WhiteClock "0:01:44"]
[BlackClock "0:02:00"]

1. c4 Nf6 2. Nc3 e6 3. d4 Bb4 4. Bd2 O-O 5. e3 d5 6. Nf3 b6 7. cxd5 exd5 8. Rc1 Bb7 9. a3 Be7 10. Bd3 c5 11. O-O Nc6 12. Ne5 cxd4 13. Nxc6 Bxc6 14. exd4 Bb7 15. Re1 a6 16. Qf3 h6 17. Bf4 Bd6 18. Be5 Re8 19. Qg3 Bxe5 20. dxe5 Ne4 21. Nxe4 dxe4 22. Bxe4 Bxe4 23. Rxe4 Rc8 24. Rxc8 Qd1+ 25. Re1 Qxe1# 0-1


[Site "https://www.chess.com"]

[Event "Titled Tuesday Blitz May 03 Early 2022"]
[White "Namitbir Singh Walia"]
[Black "Chernomordik, Pavel"]
[WhiteFideId "35071068"]
[BlackFideId "2804530"]
[WhiteElo "1565"]
[BlackElo "2220"]
[Result "1/2-1/2"]
[Round "08"]
[TimeControl "180+1"]
[Date "2022.05.03"]
[WhiteClock "0:00:06"]
[BlackClock "0:00:04"]

1. d4 g6 2. c4 Bg7 3. Nf3 d6 4. e4 Bg4 5. Be2 Nc6 6. Be3 e5 7. d5 Bxf3 8. Bxf3 Nd4 9. Nc3 c5 10. Qa4+ Qd7 11. Qxd7+ Kxd7 12. O-O-O Nf6 13. h4 h5 14. Kb1 a6 15. a4 Bh6 16. Bxd4 exd4 17. Na2 Rhe8 18. Rhe1 b5 19. axb5 axb5 20. cxb5 Ra5 21. Nc1 Rxb5 22. Re2 Bf4 23. g3 Be5 24. Nd3 c4 25. Nxe5+ dxe5 26. Rc2 Rb4 27. Bg2 c3 28. Kc1 Rb3 29. bxc3 dxc3 30. Rd3 Ra8 31. Rdxc3 Ra1+ 32. Kd2 Rxc3 33. Rxc3 Ne8 34. Bh3+ Ke7 35. Rc2 Ra4 36. f3 Nd6 37. Ke2 Kd8 38. Rc6 Nb5 39. Rb6 Nd4+ 40. Kd3 Ra3+ 41. Kc4 Rxf3 42. Kc5 Rb3 43. Rxb3 Nxb3+ 44. Kd6 f6 45. Ke6 Nc5+ 46. Kxf6 Nxe4+ 47. Kxg6 Nxg3 48. Bg2 Ke7 49. Kg5 Kd6 50. Bh1 e4 51. Bxe4 Nxe4+ 52. Kxh5 Kxd5 53. Kg6 Ke5 54. h5 Nf6 55. h6 Ke6 56. Kg7 Ke7 57. h7 Nxh7 1/2-1/2


[Site "https://www.chess.com"]

[Event "Titled Tuesday Blitz May 03 Early 2022"]
[White "Navalgund, Niranjan"]
[Black "Williams, Simon K"]
[WhiteFideId "5030854"]
[BlackFideId "404454"]
[WhiteElo "2290"]
[BlackElo "2468"]
[Result "1-0"]
[Round "08"]
[TimeControl "180+1"]
[Date "2022.05.03"]
[WhiteClock "0:00:23"]
[BlackClock "0:00:05"]

1. e4 c5 2. Nf3 d6 3. Bb5+ Nc6 4. O-O Bd7 5. Re1 a6 6. Bf1 e5 7. c3 g5 8. d4 g4 9. Nfd2 cxd4 10. cxd4 exd4 11. Nc4 b5 12. Ncd2 Bg7 13. Nb3 Be5 14. a4 Rb8 15. axb5 axb5 16. Na3 b4 17. Nc4 h5 18. Nxe5 dxe5 19. Nc5 h4 20. Bc4 Qe7 21. Nxd7 Qxd7 22. Ra6 Nge7 23. Qa4 g3 24. Bg5 gxf2+ 25. Kxf2 f6 26. Bd2 Kf8 27. Kg1 h3 28. g3 Qg4 29. Rxc6 Qf3 30. Bf1 Nxc6 31. Qxc6 Kg7 32. Bxh3 Rxh3 33. Qd7+ Kg6 34. Qxh3 Ra8 35. Qh6+ Kf7 36. Rf1 Qxe4 37. Qxf6+ 1-0


[Site "https://www.chess.com"]

[Event "Titled Tuesday Blitz May 03 Early 2022"]
[White "Nguyen, Hong Anh"]
[Black "Lorparizangeneh, Shahin"]
[WhiteFideId "12406732"]
[BlackFideId "12521604"]
[WhiteElo "2016"]
[BlackElo "2525"]
[Result "0-1"]
[Round "08"]
[TimeControl "180+1"]
[Date "2022.05.03"]
[WhiteClock "0:00:09"]
[BlackClock "0:00:08"]

1. d4 Nf6 2. Nf3 g6 3. g3 Bg7 4. Bg2 c5 5. O-O cxd4 6. Nxd4 Nc6 7. c4 O-O 8. Nc3 Qa5 9. e3 d6 10. Bxc6 bxc6 11. Nxc6 Qc7 12. Nd5 Nxd5 13. cxd5 e6 14. e4 Bb7 15. Bf4 exd5 16. exd5 Bxb2 17. Rb1 Bf6 18. Bxd6 Qxd6 19. Rxb7 a5 20. a4 Rfe8 21. Qf3 Kg7 22. Rd1 Rac8 23. Ra7 Ra8 24. Rb7 Rac8 25. Qg4 Rc7 26. Rxc7 Qxc7 27. Qc4 Qb6 28. d6 Rc8 29. Rc1 Bg5 30. d7 Rc7 31. Qc3+ Kh6 32. Rd1 Rxc6 33. Qf3 Kg7 34. h4 Bf6 35. Qxf6+ Rxf6 36. d8=Q Qxd8 37. Rxd8 Rf5 38. Rd4 h5 39. Kg2 Kf6 40. f3 Rc5 41. Rd6+ Ke5 42. Ra6 Kd4 43. Kf2 Kc4 44. Rf6 Rc7 45. Rf4+ Kb3 46. Ke3 f5 47. Rd4 Rc4 48. Rd6 Kxa4 49. Rxg6 Kb3 50. Rb6+ Rb4 51. Ra6 a4 52. Ra5 a3 53. Kd3 a2 0-1


[Site "https://www.chess.com"]

[Event "Titled Tuesday Blitz May 03 Early 2022"]
[White "Nozdrachev, Leonid"]
[Black "Itkis, Boris"]
[WhiteFideId "24113433"]
[BlackFideId "1209167"]
[WhiteElo "2242"]
[BlackElo "2207"]
[Result "1-0"]
[Round "08"]
[TimeControl "180+1"]
[Date "2022.05.03"]
[WhiteClock "0:01:19"]
[BlackClock "0:00:20"]

1. e4 c6 2. b3 d5 3. Bb2 dxe4 4. Nc3 Nf6 5. Qe2 Bf5 6. O-O-O e6 7. h3 Bg6 8. g4 h6 9. Bg2 Nbd7 10. Nxe4 Be7 11. f4 Nxe4 12. Bxe4 Bxe4 13. Qxe4 Bf6 14. d4 O-O 15. Nf3 g6 16. h4 Nb6 17. g5 Bh8 18. h5 Qd5 19. Qe2 c5 20. Ne5 cxd4 21. hxg6 fxg6 22. Nxg6 d3 23. Qh5 Bxb2+ 24. Kxb2 Qd4+ 25. c3 Qf2+ 26. Ka1 Qc5 27. Rxd3 Rad8 28. Qxh6 Kf7 29. Qh7+ Ke8 30. Rxd8+ Kxd8 31. Nxf8 Qxf8 32. Qh8 Ke8 33. Qxf8+ Kxf8 34. Rh7 Nd5 35. Rxb7 Nxc3 36. Rxa7 Nd5 37. Ra4 Kg7 38. Rc4 Kg6 39. a4 Kf5 40. a5 Nxf4 41. Rxf4+ Kxf4 42. g6 e5 43. g7 e4 44. g8=Q e3 45. Qe6 e2 46. Qxe2 1-0


[Site "https://www.chess.com"]

[Event "Titled Tuesday Blitz May 03 Early 2022"]
[White "Osmak, Yuliia"]
[Black "D`Arruda, Ricardo D."]
[WhiteFideId "14101602"]
[BlackFideId "100692"]
[WhiteElo "2302"]
[BlackElo "2423"]
[Result "0-1"]
[Round "08"]
[TimeControl "180+1"]
[Date "2022.05.03"]
[WhiteClock "0:00:13"]
[BlackClock "0:00:41"]

1. e4 c5 2. c3 e6 3. d4 d5 4. e5 Qb6 5. Nf3 Bd7 6. Bd3 Bb5 7. dxc5 Bxc5 8. b4 Bxf2+ 9. Ke2 Nc6 10. Bxb5 Qxb5+ 11. Kxf2 Nge7 12. a4 Qb6+ 13. Be3 Qc7 14. Bd4 Nf5 15. Re1 O-O 16. Qd2 f6 17. exf6 Nfxd4 18. cxd4 Rxf6 19. Kg1 Raf8 20. Ra3 Qd6 21. b5 Ne7 22. Rd3 Ng6 23. Ne5 Nf4 24. Rg3 Kh8 25. Nc3 Qb4 26. h3 Rc8 27. Ne4 Qxd2 28. Nxd2 Rc2 29. Nef3 Ra2 30. Kh2 Rxa4 31. Rc1 h6 32. Rc7 Ra2 33. Rgxg7 Nh5 34. Rh7+ Kg8 35. Rhd7 Nf4 36. Rxb7 Rb2 37. Rd8+ Rf8 38. Rxf8+ Kxf8 39. Rxa7 Rxb5 40. Kg3 Ne2+ 41. Kf2 Nf4 42. h4 Rb2 43. g3 Nd3+ 44. Ke3 Nb4 45. Ne5 Rc2 46. Ndf3 Rc3+ 47. Kf4 Nc2 48. Ng6+ Kg8 49. Re7 Re3 50. Nge5 Re4# 0-1


[Site "https://www.chess.com"]

[Event "Titled Tuesday Blitz May 03 Early 2022"]
[White "Paravyan, David"]
[Black "Vysochin, Spartak"]
[WhiteFideId "4194985"]
[BlackFideId "14103516"]
[WhiteElo "2569"]
[BlackElo "2385"]
[Result "1-0"]
[Round "08"]
[TimeControl "180+1"]
[Date "2022.05.03"]
[WhiteClock "0:02:02"]
[BlackClock "0:00:01"]

1. e4 e6 2. d4 d5 3. Nc3 Nc6 4. Nf3 Nf6 5. exd5 exd5 6. Bb5 Bb4 7. O-O O-O 8. Bg5 Bxc3 9. bxc3 Bg4 10. h3 Bh5 11. g4 Bg6 12. Ne5 Qd6 13. Bxc6 bxc6 14. f3 Nd7 15. Bf4 Nxe5 16. dxe5 Qe7 17. Bg3 f6 18. Qd4 Bxc2 19. Rae1 Rad8 20. exf6 Qxf6 21. Bxc7 Rc8 22. Be5 Qg6 23. Qc5 Bd3 24. Rf2 Rce8 25. Re3 Bb1 26. Kg2 Rf7 27. Bg3 Ref8 28. a3 h5 29. Qd6 hxg4 30. hxg4 Qxd6 31. Bxd6 Rd8 32. Bc5 a6 33. Rb2 Bg6 34. Kg3 Rdd7 35. Rb6 Rf6 36. Rxa6 Rb7 37. a4 Rb1 38. a5 Rg1+ 39. Kh2 Rf1 40. Kg2 Ra1 41. Ra7 Rf7 42. Ra8+ Kh7 43. Ree8 Ra2+ 44. Kg3 Bd3 45. f4 Rc2 46. f5 Rxc3 47. Rh8# 1-0


[Site "https://www.chess.com"]

[Event "Titled Tuesday Blitz May 03 Early 2022"]
[White "Pasti, Aron"]
[Black "Srihari L R"]
[WhiteFideId "785857"]
[BlackFideId "46617116"]
[WhiteElo "2133"]
[BlackElo "2121"]
[Result "1-0"]
[Round "08"]
[TimeControl "180+1"]
[Date "2022.05.03"]
[WhiteClock "0:02:21"]
[BlackClock "0:01:41"]

1. e4 e6 2. d4 d5 3. Nc3 h6 4. h3 Nf6 5. e5 Nfd7 6. Nce2 c5 7. c3 Nc6 8. f4 b5 9. Nf3 b4 10. f5 exf5 11. Nf4 Nb6 12. Bb5 Bd7 13. e6 fxe6 14. Nxe6 Qb8 15. Bxc6 Bxc6 16. Ne5 Bd7 17. Qh5+ Ke7 18. Qf7+ Kd6 19. Nxd7 Qe8 20. Bf4+ Kc6 21. Ne5+ Kb5 22. Nc7+ 1-0


[Site "https://www.chess.com"]

[Event "Titled Tuesday Blitz May 03 Early 2022"]
[White "Perez Gormaz, Matias"]
[Black "Stevens, Christian"]
[WhiteFideId "3406342"]
[BlackFideId "2604450"]
[WhiteElo "2322"]
[BlackElo "2513"]
[Result "1-0"]
[Round "08"]
[TimeControl "180+1"]
[Date "2022.05.03"]
[WhiteClock "0:01:06"]
[BlackClock "0:00:01"]

1. e4 c5 2. Nf3 e6 3. g3 Nc6 4. Bg2 Nf6 5. Qe2 e5 6. O-O Be7 7. c3 d6 8. Rd1 Bg4 9. h3 Bh5 10. d3 O-O 11. Nbd2 Re8 12. Nc4 Bf8 13. Bg5 h6 14. Bxf6 Qxf6 15. Ne3 Ne7 16. g4 Bg6 17. a4 Bh7 18. Qc2 Qe6 19. Nh4 Rab8 20. Ra3 h5 21. a5 hxg4 22. hxg4 Qf6 23. Nhf5 g6 24. Nxe7+ Bxe7 25. Nd5 Qg5 26. Qe2 Kg7 27. d4 exd4 28. cxd4 Bf6 29. f4 Qh4 30. dxc5 1-0


[Site "https://www.chess.com"]

[Event "Titled Tuesday Blitz May 03 Early 2022"]
[White "Petre, Nad-Titus"]
[Black "Warchol, Kamil"]
[WhiteFideId "1204165"]
[BlackFideId "21858241"]
[WhiteElo "2354"]
[BlackElo "1910"]
[Result "0-1"]
[Round "08"]
[TimeControl "180+1"]
[Date "2022.05.03"]
[WhiteClock "0:00:04"]
[BlackClock "0:00:09"]

1. e4 c5 2. Nc3 a6 3. g3 b5 4. Bg2 Bb7 5. d3 e6 6. Nh3 Be7 7. O-O h5 8. f4 Nc6 9. f5 Ne5 10. Kh1 b4 11. Ne2 h4 12. fxe6 dxe6 13. Be3 Nf6 14. b3 Neg4 15. Bg1 Nd7 16. Qd2 Bg5 17. Qxg5 Qxg5 18. Nxg5 hxg3 19. Nxg3 Nde5 20. h3 Rc8 21. Bf3 Nxf3 22. Rxf3 Ne5 23. Rff1 Ke7 24. Kg2 Rh6 25. Nf3 Ng6 26. Be3 Rhh8 27. h4 f6 28. h5 Nf8 29. Nh2 Nd7 30. Kf2 Ne5 31. Ke2 g6 32. Bf4 gxh5 33. Bxe5 fxe5 34. Nf3 h4 35. Nh1 h3 36. Nxe5 Rh7 37. Ng6+ Kd7 38. Rf3 Rg8 39. Ne5+ Kd6 40. Nf7+ Ke7 41. Ne5 Kd6 42. d4 cxd4 43. Nc4+ Ke7 44. Raf1 Bxe4 45. Rf4 Bg2 46. Re1 h2 47. Rxd4 Bc6 48. Red1 Rg1 49. Ne5 Bd5 50. c4 bxc3 51. Kd3 Rxd1+ 0-1


[Site "https://www.chess.com"]

[Event "Titled Tuesday Blitz May 03 Early 2022"]
[White "Petrova, Irina"]
[Black "Harish, Neeraj"]
[WhiteFideId "14124122"]
[BlackFideId "30958130"]
[WhiteElo "1993"]
[BlackElo "1574"]
[Result "1-0"]
[Round "08"]
[TimeControl "180+1"]
[Date "2022.05.03"]
[WhiteClock "0:01:22"]
[BlackClock "0:00:49"]

1. e4 c5 2. Nf3 d6 3. Bb5+ Nd7 4. O-O g6 5. d4 cxd4 6. Qxd4 Nf6 7. e5 dxe5 8. Nxe5 a6 9. Be2 Nxe5 10. Qxe5 Bg7 11. Rd1 Bd7 12. Bf3 O-O 13. Bxb7 Rb8 14. Bf3 Qc8 15. Nc3 Bg4 16. Qe2 Bxf3 17. Qxf3 Rd8 18. Rxd8+ Qxd8 19. Rb1 Ne4 20. Nxe4 1-0


[Site "https://www.chess.com"]

[Event "Titled Tuesday Blitz May 03 Early 2022"]
[White "Piesik, Piotr"]
[Black "Melian, Juan Sebastian"]
[WhiteFideId "1136194"]
[BlackFideId "3706575"]
[WhiteElo "2190"]
[BlackElo "1842"]
[Result "1-0"]
[Round "08"]
[TimeControl "180+1"]
[Date "2022.05.03"]
[WhiteClock "0:00:19"]
[BlackClock "0:00:15"]

1. Nf3 d5 2. g3 g6 3. Bg2 Bg7 4. d4 Nd7 5. O-O Ngf6 6. a4 a5 7. Bf4 O-O 8. Na3 c6 9. c4 dxc4 10. Nxc4 Nd5 11. Bd2 N7f6 12. Nfe5 Nb4 13. Bc3 Be6 14. Qd2 Nfd5 15. e4 Nxc3 16. bxc3 Na6 17. Qe2 Rb8 18. Rfb1 Qc7 19. f4 Rfd8 20. Ne3 Bc8 21. Ra2 b5 22. Rd2 bxa4 23. Rxb8 Qxb8 24. Rb2 Qc7 25. Qc4 Be6 26. Qxa6 a3 27. Rb1 c5 28. d5 Bc8 29. Qc4 Bxe5 30. fxe5 Qxe5 31. Ra1 e6 32. Rxa3 exd5 33. Nxd5 Be6 34. Ra1 Rb8 35. Qxc5 Bxd5 36. exd5 Rb2 37. Qd4 Qe2 38. Qe4 Qf2+ 39. Kh1 Re2 40. Qf3 Re1+ 41. Rxe1 Qxe1+ 42. Qf1 Qxc3 43. Qd1 a4 44. d6 a3 45. d7 a2 46. d8=Q+ Kg7 47. Q8d4+ Qxd4 48. Qxd4+ f6 49. Qa1 Kh6 50. Qxa2 f5 51. Qf7 Kg5 52. h4+ Kh6 53. Kh2 g5 54. Qf6+ Kh5 55. Qxg5# 1-0


[Site "https://www.chess.com"]

[Event "Titled Tuesday Blitz May 03 Early 2022"]
[White "Pranav, V"]
[Black "Barria Zuniga, Daniel"]
[WhiteFideId "25060783"]
[BlackFideId "3400816"]
[WhiteElo "2349"]
[BlackElo "2414"]
[Result "1-0"]
[Round "08"]
[TimeControl "180+1"]
[Date "2022.05.03"]
[WhiteClock "0:01:59"]
[BlackClock "0:00:09"]

1. e4 e6 2. d4 d5 3. Bd3 Nc6 4. c3 e5 5. exd5 Qxd5 6. Nf3 exd4 7. O-O Bg4 8. Re1+ Nge7 9. Be4 Qd7 10. cxd4 O-O-O 11. Qa4 Bxf3 12. Bxf3 Nxd4 13. Qxa7 Nxf3+ 14. gxf3 Nc6 15. Qa8+ Nb8 16. Nc3 Qc6 17. Bf4 b6 18. Qxc6 Nxc6 19. Nb5 Nd4 20. Bxc7 Nxf3+ 21. Kf1 Nxe1 22. Bxd8 Kxd8 23. Rd1+ Kc8 24. Rxe1 Bc5 25. a3 Rd8 26. b4 Bf8 27. Rc1+ Kb8 28. Rc6 Kb7 29. Rc7+ Ka6 30. a4 Ra8 31. Rxf7 Bxb4 32. Nc7+ Kb7 33. Nxa8+ Kxa8 34. Rxg7 1-0


[Site "https://www.chess.com"]

[Event "Titled Tuesday Blitz May 03 Early 2022"]
[White "Priyanka, K"]
[Black "Todorovic, Bojan"]
[WhiteFideId "5082986"]
[BlackFideId "917087"]
[WhiteElo "1905"]
[BlackElo "2266"]
[Result "1-0"]
[Round "08"]
[TimeControl "180+1"]
[Date "2022.05.03"]
[WhiteClock "0:00:21"]
[BlackClock "0:00:02"]

1. e4 e5 2. Nf3 Nc6 3. Bb5 Nf6 4. d3 Bc5 5. Nc3 O-O 6. Bg5 h6 7. Bh4 Be7 8. Bxc6 dxc6 9. Nxe5 Nxe4 10. dxe4 Bxh4 11. Qxd8 Rxd8 12. Nd3 b6 13. O-O Ba6 14. Rfd1 Bf6 15. Nb4 Bb7 16. Rxd8+ Rxd8 17. Rd1 Rxd1+ 18. Nxd1 Kf8 19. f4 Bd4+ 20. Kf1 c5 21. Nd5 Ba6+ 22. Ke1 c6 23. N5e3 Bf6 24. e5 Be7 25. Nf5 Bd8 26. Nc3 Bc7 27. Ne4 Bc8 28. Nfd6 Be6 29. c4 Ke7 30. f5 Bd7 31. g4 f6 32. e6 Bxd6 33. exd7 Kxd7 34. h3 Be5 35. b3 b5 36. Kd2 Bd4 37. Kd3 Kc7 38. Kc2 1-0


[Site "https://www.chess.com"]

[Event "Titled Tuesday Blitz May 03 Early 2022"]
[White "Prraneeth Vuppala"]
[Black "Jaskolka, Tomasz"]
[WhiteFideId "46622373"]
[BlackFideId "1170791"]
[WhiteElo "1958"]
[BlackElo "2073"]
[Result "1/2-1/2"]
[Round "08"]
[TimeControl "180+1"]
[Date "2022.05.03"]
[WhiteClock "0:00:05"]
[BlackClock "0:00:14"]

1. d4 e6 2. c4 f5 3. Nf3 Nf6 4. g3 Be7 5. Bg2 O-O 6. O-O d6 7. Nc3 Qe8 8. Re1 Qg6 9. Qd3 Nbd7 10. e4 fxe4 11. Nxe4 Nxe4 12. Qxe4 Qxe4 13. Rxe4 Nf6 14. Re1 h6 15. b3 Bd7 16. Bb2 Rae8 17. Nd2 b6 18. a4 a5 19. h3 Bd8 20. Re2 Re7 21. Rae1 Ref7 22. Ne4 Nxe4 23. Bxe4 Bf6 24. Bg6 Re7 25. f4 Be8 26. Be4 Bd7 27. Kg2 Kf7 28. h4 h5 29. d5 Bxb2 30. Rxb2 e5 31. Rbe2 Rfe8 32. Bf3 g6 33. fxe5 Rxe5 34. Rxe5 Rxe5 35. Rxe5 dxe5 36. Be4 Bf5 37. Kf3 Bg4+ 38. Ke3 Bd1 39. b4 axb4 40. c5 Bxa4 41. d6 bxc5 42. dxc7 Bd7 43. Bb7 b3 44. Kd2 c4 45. c8=Q Bxc8 46. Bxc8 Kf6 47. Ba6 b2 48. Kc2 c3 49. Bd3 g5 50. Kxc3 gxh4 51. gxh4 e4 52. Bxe4 Ke5 53. Bg6 Kf4 54. Kxb2 Kg3 55. Bxh5 Kxh4 1/2-1/2


[Site "https://www.chess.com"]

[Event "Titled Tuesday Blitz May 03 Early 2022"]
[White "Puccini, Jack"]
[Black "Shohat, Yotam"]
[WhiteFideId "3213307"]
[BlackFideId "2813955"]
[WhiteElo "2352"]
[BlackElo "2119"]
[Result "0-1"]
[Round "08"]
[TimeControl "180+1"]
[Date "2022.05.03"]
[WhiteClock "0:00:02"]
[BlackClock "0:00:04"]

1. e4 c5 2. Nf3 Nc6 3. d4 cxd4 4. c3 Nf6 5. e5 Nd5 6. Bc4 Nb6 7. Bb3 d5 8. exd6 Qxd6 9. O-O e6 10. cxd4 Be7 11. Nc3 O-O 12. Re1 Rd8 13. Be3 Bd7 14. Rc1 Rac8 15. Bc2 Nd5 16. Ne4 Qb8 17. Neg5 Nf6 18. a3 h6 19. Ne4 Nxe4 20. Bxe4 Bf6 21. Bb1 Be8 22. Qd3 Qd6 23. Qh7+ Kf8 24. Ba2 Nxd4 25. Bxd4 Rxc1 26. Rxc1 Bxd4 27. h3 Bxb2 28. Rc2 Bf6 29. Rd2 Qb6 30. Rc2 Bc6 31. Nd2 Ba4 32. Nc4 Qc5 33. Re2 Rd1+ 34. Kh2 Qc7+ 35. g3 Bc6 36. Qh8+ Ke7 37. f3 Bxf3 38. Rg2 Bxg2 39. Kxg2 Qc6+ 40. Kf2 Bd4+ 41. Ke2 Ra1 42. Qb8 Rxa2+ 43. Kd3 Qf3+ 44. Kxd4 Qd5+ 45. Kc3 Rf2 46. Qc7+ Kf6 47. Qb8 Rf3+ 48. Kb4 b6 49. Qf8 Qc5+ 0-1


[Site "https://www.chess.com"]

[Event "Titled Tuesday Blitz May 03 Early 2022"]
[White "Rabineau, Clement"]
[Black "Kohler, Aran"]
[WhiteFideId "628891"]
[BlackFideId "1002856"]
[WhiteElo "2237"]
[BlackElo "2304"]
[Result "1/2-1/2"]
[Round "08"]
[TimeControl "180+1"]
[Date "2022.05.03"]
[WhiteClock "0:00:05"]
[BlackClock "0:00:19"]

1. e4 c6 2. d4 d5 3. f3 Nf6 4. e5 Ng8 5. Bd3 g6 6. f4 Nh6 7. Nf3 Bf5 8. h3 Bxd3 9. Qxd3 e6 10. g4 Be7 11. Be3 Bh4+ 12. Nxh4 Qxh4+ 13. Bf2 Qe7 14. Nd2 Na6 15. a3 O-O-O 16. O-O-O Kb8 17. Kb1 Rc8 18. Nb3 Rhd8 19. Be3 Ng8 20. f5 exf5 21. gxf5 Qh4 22. Rdg1 Qe4 23. f6 Qxd3 24. cxd3 Re8 25. Bf4 Nc7 26. Rc1 Ne6 27. Be3 b6 28. h4 h6 29. Rhg1 h5 30. a4 Kb7 31. Bg5 Red8 32. Rc2 c5 33. Rgc1 cxd4 34. Rxc8 Rxc8 35. Rxc8 Kxc8 36. Kc2 Kd7 37. Bd2 a5 38. Kd1 Kc6 39. Ke2 Kd7 40. Bc1 Kc6 41. Bd2 Kd7 42. Nc1 Kd8 43. Na2 Kd7 44. Nc1 Kc6 45. Nb3 1/2-1/2


[Site "https://www.chess.com"]

[Event "Titled Tuesday Blitz May 03 Early 2022"]
[White "Ramirez Vido, Robert Yorisan"]
[Black "Nguyen Hong Nhung"]
[WhiteFideId "3513823"]
[BlackFideId "12412201"]
[WhiteElo "2316"]
[BlackElo "1758"]
[Result "0-1"]
[Round "08"]
[TimeControl "180+1"]
[Date "2022.05.03"]
[WhiteClock "0:01:00"]
[BlackClock "0:00:20"]

1. Nf3 f5 2. g3 Nf6 3. Bg2 g6 4. O-O Bg7 5. d3 O-O 6. Nbd2 d6 7. e4 e5 8. c3 Nc6 9. Ng5 Qe7 10. Qb3+ Kh8 11. exf5 gxf5 12. f4 h6 13. Ngf3 Rb8 14. fxe5 Nxe5 15. Nxe5 dxe5 16. Nf3 Be6 17. Qa4 e4 18. Nh4 Qe8 19. Qxa7 exd3 20. Bf4 Nd5 21. Rae1 Nxf4 22. gxf4 Qf7 23. Qe3 Bxa2 24. Qxd3 Bc4 25. Qg3 Bxf1 26. Ng6+ Kh7 27. Re7 Qxg6 28. Bxf1 Qxg3+ 29. hxg3 c6 30. Bd3 Kg6 31. g4 Kf6 32. Rc7 fxg4 33. Kf2 Rf7 0-1


[Site "https://www.chess.com"]

[Event "Titled Tuesday Blitz May 03 Early 2022"]
[White "Rasulov, Vugar"]
[Black "Nakamura, Hikaru"]
[WhiteFideId "13402390"]
[BlackFideId "2016192"]
[WhiteElo "2560"]
[BlackElo "2850"]
[Result "0-1"]
[Round "08"]
[TimeControl "180+1"]
[Date "2022.05.03"]
[WhiteClock "0:00:42"]
[BlackClock "0:00:39"]

1. d4 Nf6 2. c4 g6 3. Nc3 Bg7 4. e4 d6 5. f3 O-O 6. Be3 a6 7. Qd2 c6 8. Rc1 b5 9. c5 dxc5 10. dxc5 Qc7 11. Bf4 Qa7 12. Nge2 Nbd7 13. Nd4 e5 14. Nxc6 Qc7 15. Ne7+ Kh8 16. Ncd5 Nxd5 17. Nxd5 Qc6 18. Bh6 Nf6 19. Bxg7+ Kxg7 20. Nb4 Qc7 21. Be2 Be6 22. O-O Rfd8 23. Qc3 a5 24. Nd3 Rd4 25. Nxe5 Qxe5 26. f4 Nxe4 27. fxe5 Nxc3 28. Rxc3 b4 29. Rc2 Bxa2 30. c6 Be6 31. c7 a4 32. Ra1 a3 33. bxa3 b3 34. Rb2 Rc8 35. Rc1 Ra4 36. Bf3 Ra7 37. Bd1 Raxc7 38. Rcb1 Bf5 0-1


[Site "https://www.chess.com"]

[Event "Titled Tuesday Blitz May 03 Early 2022"]
[White "Ratnakaran, K."]
[Black "Thybo, Jesper Sondergaard"]
[WhiteFideId "5005507"]
[BlackFideId "1438832"]
[WhiteElo "2407"]
[BlackElo "2316"]
[Result "1-0"]
[Round "08"]
[TimeControl "180+1"]
[Date "2022.05.03"]
[WhiteClock "0:00:50"]
[BlackClock "0:00:01"]

1. e4 e5 2. Nf3 Nc6 3. Bb5 Nge7 4. O-O Ng6 5. Re1 a6 6. Ba4 Bc5 7. c3 O-O 8. d4 Ba7 9. Bg5 f6 10. Bb3+ Kh8 11. Bh4 exd4 12. Bg3 dxc3 13. Nxc3 d6 14. Rc1 Bg4 15. h3 Bh5 16. Nd5 Nge5 17. Rc3 Nd4 18. Nxc7 Nexf3+ 19. gxf3 Nxf3+ 20. Kh1 Qd7 21. Be6 Qd8 22. Bd5 Qd7 23. Be6 Qd8 24. Qd5 f5 25. Rec1 Qg5 26. Bxf5 Bf7 27. Qxd6 Rad8 28. Qf4 Qxf4 29. Bxf4 Nh4 30. Be5 Nxf5 31. exf5 Bd4 32. Bxd4 Rxd4 33. Ne6 Bxe6 34. fxe6 Kg8 35. Re3 Re8 36. Kg2 Rd6 37. Rc7 Rdxe6 38. Rxe6 Rxe6 39. Rxb7 h6 40. a4 a5 41. Rb5 Re2 42. Kf3 Rc2 43. h4 Kf7 44. h5 Kf6 45. b3 Rc3+ 46. Ke4 g5 47. f4 g4 48. Rb6+ Kg7 49. f5 g3 50. Ke5 Kf7 51. Rb7+ Ke8 52. Rg7 Rxb3 53. f6 Rf3 54. Ke6 Kf8 55. Rg6 Rf4 56. Rxg3 Rxa4 57. Kf5 1-0


[Site "https://www.chess.com"]

[Event "Titled Tuesday Blitz May 03 Early 2022"]
[White "Richter, Nils"]
[Black "Erdogdu, Mert"]
[WhiteFideId "12990809"]
[BlackFideId "6301495"]
[WhiteElo "2243"]
[BlackElo "2485"]
[Result "0-1"]
[Round "08"]
[TimeControl "180+1"]
[Date "2022.05.03"]
[WhiteClock "0:01:33"]
[BlackClock "0:02:15"]

1. e4 c5 2. Nf3 d6 3. Bb5+ Nc6 4. O-O Bd7 5. Qe2 Nf6 6. c3 a6 7. Ba4 b5 8. Bc2 Bg4 9. h3 Bh5 10. d3 e6 11. Re1 Be7 12. Nbd2 O-O 13. Nf1 d5 14. Ng3 Bg6 15. Nh4 Qc7 16. Nxg6 hxg6 17. Bd2 Bd6 18. Nf1 Bf4 19. Ne3 d4 20. Nf1 Bxd2 21. Nxd2 dxc3 22. bxc3 b4 23. Ba4 bxc3 24. Bxc6 cxd2 25. Qxd2 Qxc6 26. Rac1 Rad8 27. Rc3 Qb5 28. Rec1 Nxe4 0-1


[Site "https://www.chess.com"]